Unix NetHack Version 3.7.0-66 Work-in-progress - last build Dec 26 2022 05:50:31 (55254d10815e23f0e7c0ebc937178fe17f3ffff8,branch:master).

Game began 2023-01-08 06:58:51, ended 2023-01-08 07:49:42.

Kontroller, lawful male human Knight

  
unexplored area
unexplored area
unexplored area
unexplored area
unexplored area
unexplored area
unexplored area
unexplored area
unexplored area
wall
wall
wall
unexplored area
unexplored area
unexplored area
unexplored area
unexplored area
unexplored area
unexplored area
wall
wall
wall
wall
wall
wall
wall
wall
wall
wall
wall
wall
wall
wall
wall
wall
wall
wall
wall
wall
wall
wall
wall
unexplored area
unexplored area
unexplored area
unexplored area
unexplored area
unexplored area
unexplored area
unexplored area
unexplored area
unexplored area
unexplored area
unexplored area
unexplored area
unexplored area
unexplored area
unexplored area
unexplored area
unexplored area
unexplored area
unexplored area
unexplored area
unexplored area
unexplored area
unexplored area
unexplored area
unexplored area
unexplored area
unexplored area
unexplored area
unexplored area
unexplored area
unexplored area
unexplored area
unexplored area
unexplored area
unexplored area
unexplored area
unexplored area
unexplored area
unexplored area
unexplored area
unexplored area
unexplored area
wall
wall
wall
wall
.dark part of a room
wall
wall
unexplored area
unexplored area
unexplored area
unexplored area
unexplored area
unexplored area
wall
.dark part of a room
.dark part of a room
.dark part of a room
[a leather armor
.dark part of a room
.dark part of a room
.dark part of a room
.dark part of a room
.dark part of a room
.dark part of a room
.dark part of a room
.dark part of a room
.dark part of a room
.dark part of a room
(5 candles
.dark part of a room
.dark part of a room
.dark part of a room
.dark part of a room
.dark part of a room
(a saddle
`a boulder
.dark part of a room
.dark part of a room
unexplored area
unexplored area
unexplored area
unexplored area
unexplored area
unexplored area
unexplored area
unexplored area
unexplored area
unexplored area
unexplored area
unexplored area
unexplored area
unexplored area
unexplored area
unexplored area
unexplored area
unexplored area
unexplored area
unexplored area
unexplored area
unexplored area
unexplored area
unexplored area
unexplored area
unexplored area
unexplored area
unexplored area
unexplored area
unexplored area
unexplored area
unexplored area
unexplored area
unexplored area
unexplored area
unexplored area
unexplored area
unexplored area
unexplored area
unexplored area
wall
wall
.dark part of a room
.dark part of a room
.dark part of a room
.dark part of a room
.dark part of a room
wall
wall
wall
unexplored area
unexplored area
unexplored area
unexplored area
wall
.dark part of a room
wall
wall
wall
wall
wall
wall
wall
wall
wall
wall
wall
#iron bars
wall
.doorway
.doorway
.doorway
.doorway
.doorway
*16 rocks
*38 rocks
*a stone
wall
wall
wall
unexplored area
wall
wall
wall
wall
wall
wall
wall
unexplored area
unexplored area
unexplored area
unexplored area
unexplored area
unexplored area
unexplored area
unexplored area
unexplored area
unexplored area
unexplored area
unexplored area
unexplored area
unexplored area
unexplored area
unexplored area
unexplored area
unexplored area
unexplored area
unexplored area
unexplored area
unexplored area
unexplored area
unexplored area
unexplored area
unexplored area
unexplored area
unexplored area
unexplored area
unexplored area
wall
wall
.dark part of a room
.dark part of a room
.dark part of a room
.dark part of a room
.dark part of a room
.dark part of a room
.dark part of a room
.dark part of a room
wall
unexplored area
unexplored area
unexplored area
unexplored area
wall
.dark part of a room
wall
.dark part of a room
.dark part of a room
.dark part of a room
.dark part of a room
.dark part of a room
.dark part of a room
.dark part of a room
.dark part of a room
.dark part of a room
.dark part of a room
.dark part of a room
.dark part of a room
.dark part of a room
.dark part of a room
.dark part of a room
.dark part of a room
.dark part of a room
.remembered, unseen, creature
bacid blob
*3 rocks
.dark part of a room
.dark part of a room
.dark part of a room
.dark part of a room
.dark part of a room
.dark part of a room
.dark part of a room
.dark part of a room
.dark part of a room
.dark part of a room
.dark part of a room
`a boulder
unexplored area
unexplored area
unexplored area
unexplored area
unexplored area
unexplored area
unexplored area
unexplored area
unexplored area
unexplored area
unexplored area
unexplored area
unexplored area
unexplored area
unexplored area
unexplored area
unexplored area
unexplored area
unexplored area
unexplored area
unexplored area
unexplored area
unexplored area
unexplored area
unexplored area
unexplored area
unexplored area
unexplored area
unexplored area
wall
.dark part of a room
.dark part of a room
.dark part of a room
.dark part of a room
.dark part of a room
wall
.dark part of a room
wall
.dark part of a room
wall
wall
wall
unexplored area
unexplored area
wall
.dark part of a room
wall
unexplored area
wall
wall
wall
wall
wall
wall
wall
wall
wall
.doorway
wall
wall
wall
.dark part of a room
wall
wall
wall
[an orcish shield
wall
wall
wall
unexplored area
wall
wall
wall
wall
wall
wall
wall
wall
wall
unexplored area
unexplored area
unexplored area
unexplored area
unexplored area
unexplored area
unexplored area
unexplored area
unexplored area
unexplored area
unexplored area
unexplored area
unexplored area
unexplored area
unexplored area
unexplored area
unexplored area
unexplored area
unexplored area
unexplored area
unexplored area
unexplored area
unexplored area
unexplored area
unexplored area
unexplored area
unexplored area
unexplored area
unexplored area
wall
wall
.dark part of a room
.dark part of a room
.dark part of a room
wall
wall
wall
wall
.dark part of a room
.dark part of a room
.dark part of a room
wall
unexplored area
unexplored area
wall
.dark part of a room
wall
unexplored area
wall
.dark part of a room
.dark part of a room
.dark part of a room
.dark part of a room
.dark part of a room
.dark part of a room
.dark part of a room
.dark part of a room
.dark part of a room
.dark part of a room
.dark part of a room
wall
[a pair of iron shoes
wall
[a cursed pair of hiking boots
[an orcish shield
@Green-elf
.floor of a room
.floor of a room
wall
unexplored area
unexplored area
unexplored area
unexplored area
unexplored area
unexplored area
unexplored area
unexplored area
unexplored area
unexplored area
unexplored area
unexplored area
unexplored area
unexplored area
unexplored area
unexplored area
unexplored area
unexplored area
unexplored area
unexplored area
unexplored area
unexplored area
unexplored area
unexplored area
unexplored area
unexplored area
unexplored area
unexplored area
unexplored area
unexplored area
unexplored area
unexplored area
unexplored area
unexplored area
unexplored area
unexplored area
unexplored area
unexplored area
unexplored area
wall
.dark part of a room
.dark part of a room
.dark part of a room
wall
wall
unexplored area
unexplored area
wall
wall
wall
.dark part of a room
wall
unexplored area
unexplored area
wall
.dark part of a room
wall
unexplored area
wall
.dark part of a room
.dark part of a room
.dark part of a room
wall
.dark part of a room
.dark part of a room
.dark part of a room
wall
.dark part of a room
.dark part of a room
.dark part of a room
.doorway
.dark part of a room
wall
.floor of a room
.floor of a room
@Green-elf
.floor of a room
.floor of a room
wall
unexplored area
unexplored area
unexplored area
unexplored area
unexplored area
unexplored area
unexplored area
unexplored area
unexplored area
unexplored area
unexplored area
unexplored area
unexplored area
unexplored area
unexplored area
unexplored area
unexplored area
unexplored area
unexplored area
unexplored area
unexplored area
unexplored area
unexplored area
unexplored area
unexplored area
unexplored area
unexplored area
unexplored area
unexplored area
unexplored area
unexplored area
unexplored area
unexplored area
unexplored area
unexplored area
unexplored area
unexplored area
unexplored area
unexplored area
wall
.dark part of a room
.dark part of a room
.dark part of a room
wall
unexplored area
unexplored area
unexplored area
unexplored area
unexplored area
wall
.dark part of a room
wall
wall
wall
wall
.dark part of a room
wall
unexplored area
wall
"web
.dark part of a room
.dark part of a room
wall
.dark part of a room
.dark part of a room
.dark part of a room
.dark part of a room
.dark part of a room
.dark part of a room
.dark part of a room
wall
.dark part of a room
wall
[an orcish helm
*a rock
)an uncursed dwarvish mattock
*19 rocks
.floor of a room
wall
unexplored area
unexplored area
unexplored area
unexplored area
unexplored area
unexplored area
unexplored area
unexplored area
unexplored area
unexplored area
unexplored area
unexplored area
unexplored area
unexplored area
unexplored area
unexplored area
unexplored area
unexplored area
unexplored area
unexplored area
unexplored area
unexplored area
unexplored area
unexplored area
unexplored area
unexplored area
unexplored area
unexplored area
unexplored area
unexplored area
unexplored area
unexplored area
unexplored area
unexplored area
unexplored area
unexplored area
unexplored area
unexplored area
unexplored area
wall
wall
.dark part of a room
wall
wall
unexplored area
unexplored area
unexplored area
unexplored area
unexplored area
wall
.dark part of a room
.dark part of a room
.dark part of a room
.dark part of a room
.dark part of a room
.dark part of a room
wall
unexplored area
wall
.dark part of a room
.dark part of a room
.dark part of a room
wall
.dark part of a room
.dark part of a room
.dark part of a room
wall
wall
wall
wall
wall
.dark part of a room
wall
/an uncursed hexagonal wand
ftame kitten
[an elven leather helm
.floor of a room
.floor of a room
wall
unexplored area
wall
wall
wall
wall
wall
wall
unexplored area
wall
wall
unexplored area
wall
unexplored area
unexplored area
unexplored area
unexplored area
unexplored area
unexplored area
unexplored area
unexplored area
unexplored area
unexplored area
unexplored area
unexplored area
unexplored area
unexplored area
unexplored area
unexplored area
unexplored area
unexplored area
unexplored area
unexplored area
unexplored area
unexplored area
unexplored area
unexplored area
unexplored area
unexplored area
unexplored area
unexplored area
wall
wall
wall
unexplored area
unexplored area
wall
wall
wall
wall
wall
wall
wall
wall
wall
.dark part of a room
.dark part of a room
wall
unexplored area
wall
wall
|open door
wall
wall
wall
|open door
wall
wall
`a boulder
.dark part of a room
.dark part of a room
.dark part of a room
[an orcish helm
wall
wall
.floor of a room
%a human corpse
.floor of a room
wall
wall
.dark part of a room
.dark part of a room
.dark part of a room
.dark part of a room
.dark part of a room
.dark part of a room
.dark part of a room
.dark part of a room
.dark part of a room
.dark part of a room
.dark part of a room
wall
unexplored area
unexplored area
unexplored area
unexplored area
unexplored area
unexplored area
unexplored area
unexplored area
unexplored area
unexplored area
unexplored area
unexplored area
unexplored area
unexplored area
unexplored area
unexplored area
unexplored area
unexplored area
unexplored area
unexplored area
unexplored area
unexplored area
unexplored area
unexplored area
unexplored area
unexplored area
unexplored area
unexplored area
unexplored area
unexplored area
unexplored area
unexplored area
wall
wall
.dark part of a room
.dark part of a room
wall
wall
.dark part of a room
.dark part of a room
.dark part of a room
.dark part of a room
.dark part of a room
.dark part of a room
wall
.dark part of a room
.dark part of a room
.dark part of a room
.dark part of a room
.dark part of a room
.dark part of a room
.dark part of a room
.dark part of a room
.dark part of a room
.dark part of a room
.dark part of a room
.dark part of a room
.dark part of a room
.dark part of a room
fountain
.dark part of a room
.floor of a room
.floor of a room
`a boulder
`a boulder
.floor of a room
.dark part of a room
.dark part of a room
fountain
.dark part of a room
.dark part of a room
.dark part of a room
.dark part of a room
.dark part of a room
.dark part of a room
.dark part of a room
unexplored area
unexplored area
unexplored area
unexplored area
unexplored area
unexplored area
unexplored area
unexplored area
unexplored area
unexplored area
unexplored area
unexplored area
unexplored area
unexplored area
unexplored area
unexplored area
unexplored area
unexplored area
unexplored area
unexplored area
unexplored area
unexplored area
unexplored area
unexplored area
unexplored area
unexplored area
unexplored area
unexplored area
unexplored area
unexplored area
unexplored area
unexplored area
unexplored area
unexplored area
unexplored area
wall
.dark part of a room
.dark part of a room
.dark part of a room
.dark part of a room
.dark part of a room
.dark part of a room
.dark part of a room
.dark part of a room
.dark part of a room
*8 rocks
.dark part of a room
wall
unexplored area
wall
wall
|open door
wall
wall
wall
)an orcish dagger
wall
wall
.dark part of a room
.dark part of a room
.dark part of a room
.dark part of a room
.dark part of a room
.dark part of a room
.floor of a room
akiller bee
.dark part of a room
.dark part of a room
.floor of a room
.dark part of a room
.dark part of a room
`a boulder
unexplored area
unexplored area
unexplored area
unexplored area
unexplored area
unexplored area
unexplored area
unexplored area
unexplored area
unexplored area
unexplored area
unexplored area
unexplored area
unexplored area
unexplored area
unexplored area
unexplored area
unexplored area
unexplored area
unexplored area
unexplored area
unexplored area
unexplored area
unexplored area
unexplored area
unexplored area
unexplored area
unexplored area
unexplored area
unexplored area
unexplored area
unexplored area
unexplored area
unexplored area
unexplored area
unexplored area
unexplored area
unexplored area
unexplored area
unexplored area
unexplored area
wall
wall
.dark part of a room
.dark part of a room
.dark part of a room
.dark part of a room
.dark part of a room
.dark part of a room
.dark part of a room
.dark part of a room
.dark part of a room
.dark part of a room
.dark part of a room
wall
unexplored area
wall
.dark part of a room
.dark part of a room
.dark part of a room
wall
.dark part of a room
.dark part of a room
.dark part of a room
wall
wall
|open door
wall
wall
.dark part of a room
.floor of a room
.floor of a room
.floor of a room
.dark part of a room
`a boulder
wall
wall
wall
wall
unexplored area
unexplored area
unexplored area
unexplored area
unexplored area
unexplored area
unexplored area
unexplored area
unexplored area
unexplored area
unexplored area
unexplored area
unexplored area
unexplored area
unexplored area
unexplored area
unexplored area
unexplored area
unexplored area
unexplored area
unexplored area
unexplored area
unexplored area
unexplored area
unexplored area
unexplored area
unexplored area
unexplored area
unexplored area
unexplored area
unexplored area
unexplored area
unexplored area
unexplored area
unexplored area
unexplored area
unexplored area
unexplored area
wall
wall
wall
wall
.dark part of a room
.dark part of a room
.dark part of a room
.dark part of a room
.dark part of a room
.dark part of a room
)an orcish dagger
.dark part of a room
.dark part of a room
.dark part of a room
.dark part of a room
*10 rocks
wall
.dark part of a room
wall
.dark part of a room
.dark part of a room
.dark part of a room
wall
.dark part of a room
.dark part of a room
.dark part of a room
wall
.dark part of a room
.dark part of a room
.dark part of a room
wall
.floor of a room
.floor of a room
.floor of a room
.floor of a room
.dark part of a room
*a rock
wall
unexplored area
unexplored area
unexplored area
unexplored area
unexplored area
unexplored area
unexplored area
unexplored area
unexplored area
unexplored area
unexplored area
unexplored area
unexplored area
unexplored area
unexplored area
unexplored area
unexplored area
unexplored area
unexplored area
unexplored area
unexplored area
unexplored area
unexplored area
unexplored area
unexplored area
unexplored area
unexplored area
unexplored area
unexplored area
unexplored area
unexplored area
unexplored area
unexplored area
unexplored area
unexplored area
unexplored area
unexplored area
wall
wall
wall
wall
wall
.dark part of a room
wall
.dark part of a room
.dark part of a room
.dark part of a room
wall
wall
wall
wall
wall
wall
wall
wall
wall
.dark part of a room
#iron bars
.dark part of a room
wall
.dark part of a room
.dark part of a room
*11 rocks
wall
[an orcish helm
.dark part of a room
.dark part of a room
wall
.dark part of a room
.dark part of a room
.dark part of a room
wall
`a boulder
.floor of a room
.floor of a room
.dark part of a room
.dark part of a room
.dark part of a room
+closed door
unexplored area
unexplored area
unexplored area
unexplored area
unexplored area
unexplored area
unexplored area
unexplored area
unexplored area
unexplored area
unexplored area
unexplored area
unexplored area
unexplored area
unexplored area
unexplored area
unexplored area
unexplored area
unexplored area
unexplored area
unexplored area
unexplored area
unexplored area
unexplored area
unexplored area
unexplored area
unexplored area
unexplored area
unexplored area
unexplored area
unexplored area
unexplored area
unexplored area
unexplored area
unexplored area
unexplored area
unexplored area
wall
.dark part of a room
.dark part of a room
wall
.dark part of a room
.dark part of a room
.dark part of a room
.dark part of a room
.dark part of a room
.dark part of a room
wall
unexplored area
unexplored area
unexplored area
unexplored area
unexplored area
unexplored area
unexplored area
wall
.dark part of a room
wall
.dark part of a room
wall
.dark part of a room
.dark part of a room
.dark part of a room
wall
.dark part of a room
.dark part of a room
.dark part of a room
wall
.dark part of a room
(a candle
.dark part of a room
wall
.dark part of a room
.floor of a room
.floor of a room
.dark part of a room
.dark part of a room
.dark part of a room
wall
unexplored area
unexplored area
unexplored area
unexplored area
unexplored area
unexplored area
unexplored area
unexplored area
unexplored area
unexplored area
unexplored area
unexplored area
unexplored area
unexplored area
unexplored area
unexplored area
unexplored area
unexplored area
unexplored area
unexplored area
unexplored area
unexplored area
unexplored area
unexplored area
unexplored area
unexplored area
unexplored area
unexplored area
unexplored area
unexplored area
unexplored area
unexplored area
unexplored area
unexplored area
unexplored area
unexplored area
unexplored area
wall
.dark part of a room
.dark part of a room
.dark part of a room
<staircase up
.dark part of a room
.dark part of a room
.dark part of a room
.dark part of a room
wall
wall
unexplored area
unexplored area
unexplored area
unexplored area
unexplored area
unexplored area
unexplored area
wall
.dark part of a room
wall
unexplored area
wall
wall
wall
wall
wall
wall
wall
wall
wall
wall
wall
wall
wall
.floor of a room
.floor of a room
.floor of a room
.dark part of a room
.dark part of a room
.dark part of a room
wall
unexplored area
unexplored area
unexplored area
unexplored area
unexplored area
unexplored area
unexplored area
unexplored area
unexplored area
unexplored area
unexplored area
unexplored area
unexplored area
unexplored area
unexplored area
unexplored area
unexplored area
unexplored area
unexplored area
unexplored area
unexplored area
unexplored area
unexplored area
unexplored area
unexplored area
unexplored area
unexplored area
unexplored area
unexplored area
unexplored area
unexplored area
unexplored area
unexplored area
unexplored area
unexplored area
unexplored area
unexplored area
wall
wall
wall
.dark part of a room
.dark part of a room
.dark part of a room
.dark part of a room
.dark part of a room
wall
wall
unexplored area
unexplored area
unexplored area
unexplored area
unexplored area
unexplored area
unexplored area
unexplored area
wall
.dark part of a room
wall
unexplored area
unexplored area
unexplored area
unexplored area
unexplored area
unexplored area
unexplored area
unexplored area
unexplored area
unexplored area
unexplored area
unexplored area
unexplored area
.dark part of a room
.floor of a room
.floor of a room
.floor of a room
.dark part of a room
.dark part of a room
.dark part of a room
.dark part of a room
unexplored area
unexplored area
unexplored area
unexplored area
unexplored area
unexplored area
unexplored area
unexplored area
unexplored area
unexplored area
unexplored area
unexplored area
unexplored area
unexplored area
unexplored area
unexplored area
unexplored area
unexplored area
unexplored area
unexplored area
unexplored area
unexplored area
unexplored area
unexplored area
unexplored area
unexplored area
unexplored area
unexplored area
unexplored area
unexplored area
unexplored area
unexplored area
unexplored area
unexplored area
unexplored area
unexplored area
unexplored area
unexplored area
unexplored area
wall
wall
wall
.dark part of a room
.dark part of a room
wall
wall
unexplored area
unexplored area
unexplored area
unexplored area
unexplored area
unexplored area
unexplored area
unexplored area
unexplored area
wall
.dark part of a room
wall
wall
wall
wall
wall
wall
wall
wall
wall
wall
wall
wall
wall
wall
wall
wall
#iron bars
wall
wall
wall
wall
wall
wall
unexplored area
unexplored area
unexplored area
unexplored area
unexplored area
unexplored area
unexplored area
unexplored area
unexplored area
unexplored area
unexplored area
unexplored area
unexplored area
unexplored area
unexplored area
unexplored area
unexplored area
unexplored area
unexplored area
unexplored area
unexplored area
unexplored area
unexplored area
unexplored area
unexplored area
unexplored area
unexplored area
unexplored area
unexplored area
unexplored area
unexplored area
unexplored area
unexplored area
unexplored area
unexplored area
unexplored area
unexplored area
unexplored area
unexplored area
unexplored area
wall
wall
wall
wall
unexplored area
unexplored area
unexplored area
unexplored area
unexplored area
unexplored area
unexplored area
unexplored area
unexplored area
unexplored area
wall
.dark part of a room
.dark part of a room
.dark part of a room
.dark part of a room
.dark part of a room
.dark part of a room
.dark part of a room
.dark part of a room
.dark part of a room
.dark part of a room
.dark part of a room
.dark part of a room
.dark part of a room
.dark part of a room
.dark part of a room
.dark part of a room
.dark part of a room
.floor of a room
.dark part of a room
.dark part of a room
.dark part of a room
.dark part of a room
`a boulder
unexplored area
unexplored area
unexplored area
unexplored area
unexplored area
unexplored area
unexplored area
unexplored area
unexplored area
unexplored area
unexplored area
unexplored area
unexplored area
unexplored area
unexplored area
unexplored area
unexplored area
unexplored area
unexplored area
unexplored area
unexplored area
unexplored area
unexplored area
unexplored area
unexplored area
unexplored area
unexplored area
unexplored area
unexplored area
unexplored area
unexplored area
unexplored area
unexplored area
unexplored area
unexplored area
unexplored area
unexplored area
unexplored area
unexplored area
unexplored area
unexplored area
unexplored area
unexplored area
unexplored area
unexplored area
unexplored area
unexplored area
unexplored area
unexplored area
unexplored area
unexplored area
unexplored area
unexplored area
unexplored area
unexplored area
wall
wall
wall
wall
wall
wall
wall
wall
wall
wall
wall
wall
wall
wall
wall
wall
wall
wall
wall
wall
wall
wall
unexplored area
unexplored area
unexplored area
unexplored area
unexplored area
unexplored area
unexplored area
unexplored area
unexplored area
unexplored area
unexplored area
unexplored area
unexplored area
unexplored area
unexplored area
unexplored area
unexplored area
unexplored area
unexplored area
unexplored area
unexplored area
unexplored area
unexplored area
unexplored area
unexplored area
unexplored area
unexplored area
unexplored area
unexplored area
unexplored area
unexplored area
unexplored area
unexplored area
unexplored area
unexplored area
unexplored area
unexplored area
unexplored area
[Kontroller the Bachelor ] St:17 Dx:9 Co:14 In:8 Wi:14 Ch:18 Lawful S:10401 Dlvl:8 $:76 HP:0(57) Pw:36(36) AC:3 Xp:8/2430 T:6088 Burdened

Latest messages:

The kitten steps reluctantly over 38 rocks.
What do you want to sacrifice? [E or ?*] E
Your sacrifice is consumed in a flash of light!
You have a hopeful feeling.
You have a little trouble lifting F - 2 killer bee corpses.
What do you want to sacrifice? [F or ?*] F
Your sacrifice is consumed in a flash of light!
You have a feeling of reconciliation.
The kitten steps reluctantly over an orcish shield.
The kitten eats an egg.
Your sacrifice is consumed in a flash of light!
A samurai sword named Snickersnee appears at your feet!
The voice of Lugh booms out: "Use my gift wisely!"
The Green-elf shoots 2 elven arrows!
You are hit by the 1st elven arrow.
You are hit by the 2nd elven arrow!
You have a little trouble lifting a katana named Snickersnee. Continue? [ynq] (q) n
The Green-elf wields an elven short sword!
You hit the Green-elf!
The Green-elf thrusts her elven short sword.
The Green-elf hits!
The Green-elf picks up 2 apples.
The kitten misses the Green-elf.
You kill the Green-elf!
There are several objects here.
You have a little trouble lifting a faded pall. Continue? [ynq] (q) y
K - a faded pall.
You rebalance your load. Movement is difficult.
The Green-elf throws an elven dagger!
You are hit by an elven dagger.
The kitten picks up a rock.
The Green-elf wields an elven broadsword!
What do you want to drop? [$a-hjkn-rtuxA-DG-LNPQ or ?*] r
You drop an uncursed dwarvish mattock.
Your movements are only slowed slightly by your load.
The Green-elf swings her elven broadsword.
The Green-elf misses!
You hit the Green-elf!
The Green-elf swings her elven broadsword.
The Green-elf hits!
You hit the Green-elf!
The Green-elf swings her elven broadsword.
The Green-elf hits!
Are you sure you want to pray? [yn] (n) y
You begin praying to Lugh.
The Green-elf swings her elven broadsword.
The Green-elf hits!
You die...
Do you want your possessions identified? [ynq] (y) y
Do you want to see your attributes? [ynq] (y) q

Inventory:

Coins

$ - 76 gold pieces

Weapons

x - 19 +0 darts
a - the blessed rustproof +1 Excalibur (weapon in hand)
b - a +1 lance (alternate weapon; not wielded)

Armor

d - an uncursed rusty +0 helmet (being worn)
f - an uncursed +0 pair of leather gloves (being worn)
e - an uncursed +0 small shield (being worn)
q - an uncursed +0 cloak of invisibility (being worn)
K - an uncursed +0 elven cloak
G - an uncursed +1 elven mithril-coat
c - an uncursed +1 ring mail (being worn)

Comestibles

g - 3 uncursed apples
h - 10 uncursed carrots
J - an uncursed clove of garlic
p - an uncursed food ration
B - an uncursed food ration

Potions

C - an uncursed potion of healing

Wands

j - a wand of fire (0:0)
u - a wand of light (0:11)
I - a wand of make invisible (0:7)
L - a wand of speed monster (0:5)

Tools

k - an uncursed sack containing 18 items
H - an expensive camera (0:51)
t - a blessed oil lamp
A - an uncursed oil lamp
N - an uncursed skeleton key
o - an uncursed stethoscope
n - an uncursed towel

Gems/Stones

D - an uncursed worthless piece of violet glass
P - an uncursed worthless piece of white glass
Q - 2 uncursed worthless pieces of yellow glass

Contents of the sack:

235 gold pieces
an uncursed scroll of amnesia
2 uncursed scrolls of enchant weapon
a cursed scroll of enchant weapon
an uncursed scroll of fire
a blessed scroll of gold detection
an uncursed scroll of identify
an uncursed scroll of remove curse
an uncursed scroll of teleportation
an uncursed potion of confusion
an uncursed potion of invisibility
a blessed potion of object detection
2 uncursed potions of object detection
a cursed potion of object detection
a potion of unholy water
an uncursed ring of levitation
a cursed ring of regeneration
a cursed ring of shock resistance

Kontroller the Knight's attributes:


Background:

You were a Bachelor, a level 8 male human Knight.
You were lawful, on a mission for Lugh
who was opposed by Brigit (neutral) and Manannan Mac Lir (chaotic).
You were in the Gnomish Mines, on level 8.
You entered the dungeon 6088 turns ago.
There was a full moon in effect when your adventure ended.
You had 2430 experience points, 130 more were needed to attain level 9.
Your score was 10401 before end-of-game adjustments.

Basics:

You had 0 out of 57 hit points.
You had all 36 energy points (spell power).
Your armor class was 3.
Your wallet contained 76 zorkmids, and
you had 235 more stashed away in your pack.
Autopickup was off.

FinalCharacteristics:

Your strength was 17 (limit:18/100).
Your dexterity was 9 (limit:18).
Your constitution was 14 (limit:18).
Your intelligence was 8 (limit:18).
Your wisdom was 14 (limit:18).
Your charisma was 18 (limit:18).

Final Status:

You were not hungry.
You were burdened; movement was slightly slowed.
You were wielding a long sword.
You were skilled in long sword and could have enhanced that.

Final Attributes:

You were piously aligned.
You were level-drain resistant.
You had automatic searching.
You were invisible.
You could jump.
You were warded.
You were fast.
You were lucky.
You are dead.

Miscellaneous:
You never encountered a bones level.
Total elapsed playing time was 50 minutes and 51 seconds.

Major events:

Turn

1: Kontroller the lawful male human Knight entered the dungeon
1190: attained the rank of Esquire (level 3)
1716: entered the Gnomish Mines
2595: has been given Excalibur, and now enjoys supreme executive power
2865: attained the rank of Bachelor (level 6)
6076: was bestowed with Snickersnee by Lugh
6088: killed by a Green-elf, while praying

Vanquished creatures:

a large mimic
a tiger
an ettin zombie
a leather golem
3 giant beetles
5 orc-captains
a giant spider
2 gnome rulers
an owlbear
a Green-elf
a lizard
a dingo
a jaguar
a raven
a plains centaur
4 human zombies
a fire ant
a quasit
a wood nymph
a mountain nymph
8 Mordor orcs
3 Uruk-hai
6 orc shamans
2 rock moles
a pony
a violet fungus
6 gnome leaders
2 ghouls
6 giant ants
a little dog
a floating eye
a homunculus
a kobold shaman
13 hill orcs
3 rothes
a centipede
2 giant bats
a wererat
a werejackal
6 iguanas
9 killer bees
a gas spore
2 hobbits
4 manes
a large kobold
2 hobgoblins
2 giant rats
a brown mold
a green mold
26 gnomes
5 garter snakes
2 gnome zombies
4 geckos
2 jackals
2 foxes
a kobold
7 goblins
4 grid bugs
2 lichens
a kobold zombie
2 newts
177 creatures vanquished.
No species were genocided or became extinct.

Voluntary challenges:

You read items or engraved 6 times.
You never engraved Elbereth.
You never genocided any monsters.
You never polymorphed an object.
You never changed form.
You used no wishes.

Achievements:

You entered a shop.
You attained the rank of Esquire.
You entered the Gnomish Mines.
You attained the rank of Bachelor.

The Dungeons of Doom: levels 1 to 7

   Level 1:
Level 2:
A general store.
Level 3:
Level 4:
A fountain.
Stairs down to The Gnomish Mines.
Level 5:
A fountain.
Level 6:
A general store.
Level 7:

The Gnomish Mines: levels 5 to 8

   Level 5:
Level 6:
Level 7:
Level 8: "saddle" <- You were here.
An altar to Lugh, some fountains.
Final resting place for
you, killed by a Green-elf, while praying.

Game over:

----------
/ \
/ REST \
/ IN \
/ PEACE \
/ \
| Kontroller |
| 311 Au |
| killed by a |
| Green-elf |
| |
| |
| 2023 |
*| * * * | *
_________)/\\_//(\/(/\)/\//\/|_)_______

Fare thee well Kontroller the Knight...


You died in The Gnomish Mines on dungeon level 8 with 10370 points,
and 311 pieces of gold, after 6088 moves.
You were level 8 with a maximum of 57 hit points when you died.